Match 38708518
Unlisted

Match 38708518
End
Royal Engineer Section
Construct Section Command Post
Dingo Light Scout Car
Infantry Section
Infantry Section
Construct Platoon Command Post
Selects Heavy Armor Battlegroup
Selects Rigorous Vehicle Training
6-pounder Anti-tank Gun Team
Selects Light Vehicle Withdraw and Refit
Unlock Bishop Self-propelled Artillery
Bishop Self-propelled Artillery
Selects Radio Net
Infantry Section
Vickers Machine Gun Team
Bishop Self-propelled Artillery
Construct Company Command Post
Crusader II Medium Tank
Selects Recon Artillery
Recon Artillery
Crusader II Medium Tank
Infantry Section
Crusader II Medium Tank
Recon Artillery
Armored Vehicle Training
HIMYNAMEISHO
Martinez
sharpshooter
ninjayas
0
0

Comments sign in to comment!

No comments posted yet!